 Dungeon Crawl Stone Soup version 0.28-a0-199-g298df9dbad (webtiles) character file.

Game seed: 8114277684996448303

877 omnomnOMINOUS the Skirmisher (level 8, -6/57 HPs)
             Began as an Octopode Wanderer on Aug 19, 2021.
             Was a Follower of Ashenzari.
             Engulfed by a cloud of steam (8 damage)
             ... on level 7 of the Dungeon.
             The game lasted 00:16:43 (5362 turns).

omnomnOMINOUS the Skirmisher (Octopode Wanderer)    Turns: 5362, Time: 00:16:43

Health: -6/57      AC:  1    Str: 14    XL:     8   Next: 4%
Magic:  13/13      EV: 16    Int: 15    God:    Ashenzari [*.....]
Gold:   396        SH:  0    Dex: 16    Spells: 11/14 levels left

rFire   x . .      SeeInvis .   b - +2 whip (elec)
rCold   + . .      Faith    .   (no shield)
rNeg    . . .      Spirit   .   (helmet restricted)
rPois   .          Reflect  .   (no amulet)
rElec   .          Harm     .   l - ring of Supernal Wisdom {Dex+6, Alch, Cun} (curse)
rCorr   .          Rampage  .   n - ring "Thunder Perfect Mind" {Wiz, Cun, Evo} (curse)
Will    .....                   o - ring of the Oracular Heresy {Ice, Evo, Comp} (curse)
Stlth   ++++......              (no ring)
HPRegen 0.19/turn               (no ring)
MPRegen 0.13/turn               (no ring)
                                (no ring)
                                (no ring)

@: no status effects
A: almost no armour, amphibious, 8 rings, camouflage 1, gelatinous body 1,
(nimble swimmer 1), tentacles
a: Renounce Religion, Curse Item, Shatter the Chains


You were on level 7 of the Dungeon.
You worshipped Ashenzari.
Ashenzari was aware of your devotion.
You visited 1 branch of the dungeon, and saw 7 of its levels.

You collected 396 gold pieces.

Inventory:

Hand Weapons
 a - a +2 dagger of protection
 b - a +2 whip of electrocution (weapon)
 p - a +1 flail of holy wrath
 w - a +3 dagger
 z - a +2 vampiric short sword
 B - a +0 trident
Missiles
 i - 81 arrows
 q - 19 poisoned darts (quivered)
Jewellery
 l - the cursed ring of Supernal Wisdom (left tentacle) {Dex+6, Alch, Cun}
   (You found it on level 2 of the Dungeon)

   [ring of dexterity]

   Dex:       It affects your dexterity (+6).
   It has a curse which improves the following skills: Alchemy: Poison Magic and
   Transmutations.
   Cunning:   Dodging and Stealth.
 n - the cursed ring "Thunder Perfect Mind" (right tentacle) {Wiz, Cun, Evo}
   (You found it on level 2 of the Dungeon)

   [ring of wizardry]

   It improves your spell success rate.
   It has a curse which improves the following skills: Cunning: Dodging and
   Stealth.
   Evocations: Evocations.
 o - the cursed ring of the Oracular Heresy (on tentacle) {Ice, Evo, Comp}
   (You found it on level 2 of the Dungeon)

   [ring of ice]

   It enhances your ice magic.
   rF:        It makes you vulnerable to fire.
   rC:        It protects you from cold.
   It has a curse which improves the following skills: Evocations: Evocations.
   Companions: Summonings and Necromancy.
Wands
 x - a wand of flame (21)
 y - a wand of iceblast (6)
Scrolls
 f - a scroll of enchant armour
 g - 6 scrolls of identify
 h - a scroll of immolation
 k - 2 scrolls of blinking
 s - a scroll of magic mapping
 t - 2 scrolls of silence
 u - a scroll of brand weapon
 v - 2 scrolls of amnesia
 E - 2 scrolls of fog
Potions
 c - 3 potions of lignification
 d - a potion of berserk rage
 e - 5 potions of might
 j - a potion of haste
 m - a potion of flight
 r - 3 potions of curing
 A - 2 potions of cancellation
 C - a potion of heal wounds
 D - a potion of magic


   Skills:
 + Level 6.1 Fighting
 + Level 4.9(6.5) Dodging
 - Level 2.6(4.0) Stealth
 - Level 1.0 Shields
 - Level 1.0 Unarmed Combat
 + Level 3.9 Spellcasting
 * Level 3.4(4.3) Summonings
 - Level 0.5(1.2) Evocations


You had 11 spell levels left.
You knew the following spells:

 Your Spells              Type           Power      Damage    Failure   Level
a - Call Canine Familiar  Summ           16%        N/A       3%          3

Your spell library contained the following spells:

 Spells                   Type           Power      Damage    Failure   Level
 Slow                     Hex            2%         N/A       12%         2
 Vampiric Draining        Necr           1%         2d6       21%         3
 Confusing Touch          Hex            2%         N/A       22%         3
 Gell's Gravitas          Tloc           1%         N/A       22%         3
 Portal Projectile        Hex/Tloc       4%         N/A       22%         3
 Teleport Other           Tloc           2%         N/A       22%         3
 Leda's Liquefaction      Hex/Erth       1%         N/A       56%         4
 Dispersal                Tloc           1%         N/A       100%        6


Dungeon Overview and Level Annotations

Branches:
Dungeon (7/15)
 Temple: D:4-7

Altars:
Ashenzari
Fedhas

Shops:
D:2 =


Innate Abilities, Weirdness & Mutations

You cannot wear most types of armour.
You are amphibious.
You can wear up to eight rings at the same time.
Your skin changes colour to match your surroundings (Stealth+).
Your rubbery body absorbs attacks. (AC +1, EV +1)
((You are camouflaged near water. (Stealth+)))
You have tentacles for arms and can constrict up to eight enemies at once.


Message History

You open the door.
A steam dragon comes into view.
There is an open door here.
The helpless steam dragon fails to defend itself.
You hit the steam dragon. You squeeze the steam dragon.
The steam dragon is moderately wounded.
The steam dragon bites you! The steam dragon misses you.
You hit the steam dragon.
The steam dragon is moderately wounded.
The steam dragon bites you! The steam dragon claws you.
You hit the steam dragon but do no damage.
The steam dragon is moderately wounded.
The steam dragon bites you. The steam dragon closely misses you.
You hit the steam dragon but do no damage.
Lightning courses through the steam dragon!
You squeeze the steam dragon.
The steam dragon is severely wounded.
The steam dragon breathes steam at you. The ball of steam misses you.
You hit the steam dragon.
You squeeze the steam dragon, but do no damage.
The steam dragon is severely wounded.
You are engulfed in a cloud of scalding steam.
The steam dragon bites you. The steam dragon completely misses you.
You hit the steam dragon. Your squeeze misses the steam dragon.
The steam dragon is almost dead.
You are engulfed in a cloud of scalding steam.
The steam dragon barely misses you. The steam dragon claws you.
You hit the steam dragon but do no damage.
Your squeeze misses the steam dragon.
The steam dragon is almost dead.
You are engulfed in a cloud of scalding steam.
* * * LOW HITPOINT WARNING * * *
The steam dragon closely misses you. The steam dragon claws you.
* * * LOW HITPOINT WARNING * * *
You hit the steam dragon but do no damage.
Lightning courses through the steam dragon!!
You kill the steam dragon!
You are engulfed in a cloud of scalding steam.
You die...

#### #.<# ########
##.# #......# #.#
#......# #.# #......#
#.# #......#
#.#.######..ยงยงยง.##
#.#......@..).....
#.########.....##
#..........$...#
#######....#####
#....# #.......
#.......# #.......#
#......$#


There were no monsters in sight!

Vanquished Creatures
  Sigmund (D:3)
  A steam dragon (D:7)
  An ice beast (D:6)
  2 ogres (D:5)
  A water moccasin zombie (D:5)
  2 hounds
  A jelly (D:5)
  An orc priest (D:4)
  A bullfrog skeleton (D:6)
  A centaur skeleton (D:5)
  3 iguanas
  2 orc wizards
  3 adders
  A howler monkey skeleton (D:6)
  A shadow imp (D:6)
  A white imp (D:6)
  An ufetubus (D:6)
  3 worms
  3 dart slugs
  4 orcs
  6 bats
  5 endoplasms
  A giant cockroach (D:1)
  7 goblins
  8 hobgoblins
  11 jackals
  3 kobolds (D:1)
  5 quokkas
  7 ball pythons
  2 frilled lizards
  4 rats
93 creatures vanquished.

Vanquished Creatures (collateral kills)
  An orc (D:5)
1 creature vanquished.

Vanquished Creatures (others)
  6 plants (D:3)
6 creatures vanquished.

Grand Total: 100 creatures vanquished

Notes
Turn   | Place    | Note
-------+----------+-------------------------------------------
     0 | D:1      | omnomnOMINOUS the Octopode Wanderer began the quest for the
                  | Orb.
     0 | D:1      | omnomnOMINOUS set off with the following items: a +0 club,
                  | a potion of curing, a potion of lignification, 2 potions of
                  | berserk rage, a +0 dagger
     0 | D:1      | Reached XP level 1. HP: 17/17 MP: 1/1
   126 | D:1      | Reached XP level 2. HP: 14/22 MP: 2/2
   551 | D:1      | Reached skill level 1 in Spellcasting
   767 | D:1      | Reached XP level 3. HP: 16/27 MP: 4/4
  1043 | D:1      | Found a faded altar of an unknown god.
  1048 | D:1      | Became a worshipper of Ashenzari the Shackled
  1620 | D:2      | Found a blossoming altar of Fedhas.
  1716 | D:2      | Found Piafomp's Jewellery Shoppe.
  1823 | D:2      | Reached XP level 4. HP: 34/34 MP: 6/6
  2106 | D:3      | Noticed Sigmund
  2159 | D:3      | Reached * piety under Ashenzari
  2362 | D:3      | Killed Sigmund
  2363 | D:3      | Reached skill level 5 in Fighting
  2363 | D:3      | Reached XP level 5. HP: 39/39 MP: 6/9
  2363 | D:3      | Reached XP level 6. HP: 45/45 MP: 6/10
  3106 | D:4      | Learned a level 3 spell: Call Canine Familiar
  3267 | D:5      | Entered Level 5 of the Dungeon
  3396 | D:5      | Reached skill level 1 in Summonings
  3396 | D:5      | Reached XP level 7. HP: 50/50 MP: 11/11
  4597 | D:6      | Reached skill level 6 in Fighting
  4648 | D:6      | Reached XP level 8. HP: 50/57 MP: 13/13
  5361 | D:7      | HP: 2/57 [steam dragon (2)]
  5362 | D:7      | Engulfed by a cloud of steam

Illustrated notes

Levels and vault maps discovered:
D:1:      shiori_arrival_oz, layout_basic,
          shapermc_ecumenical_altar_mp_ritualfount
D:2:      layout_rooms, serial_shops, shop, basic_altar
D:3:      layout_rooms, chequers_garden, nrook_campfire,
          hangedman_abyss_or_decor_stabs, chequers_big_river,
          minmay_misc_feat_square, uniq_sigmund
D:4:      layout_cave_pools
D:5:      layout_basic, grunt_decor_clamped, serial_bayou_pond_a
D:6:      layout_gridville
D:7:      layout_basic, minmay_temple_entry_antechambers,
          gup_ossuary_entry_pyramid, gammafunk_ghost_hive

Skill      XL: |  1  2  3  4  5  6  7 |
---------------+----------------------+-----
Spellcasting   | 1 2 3 |  3.9
Dodging        | 3 4 |  4.9
Fighting       | 5 6 |  6.1
Summonings     | 1 3 |  3.4
Stealth        | |  2.6
Shields        | |  1.0
Unarmed Combat | |  1.0
Evocations     | |  0.5

Action                   |  1- 3 |  4- 6 |  7- 9 || total
-------------------------+-------+-------+-------++-------
Melee: Dagger            |   108 |    24 |       ||   132
       Constrict         |    22 |    19 |    13 ||    54
       Tentacles         |     9 |    20 |    16 ||    45
       Punch             |     1 |     1 |       ||     2
       Whip              |       |    47 |    56 ||   103
 Cast: Call Canine Famil |       |       |     5 ||     5
Invok: Curse Item        |     1 |     1 |     1 ||     3
  Use: Potion            |       |     2 |       ||     2
 Stab: Sleeping          |     6 |     6 |     5 ||    17
Armor: Skin              |    14 |     8 |     3 ||    25
Dodge: Dodged            |    90 |    55 |    39 ||   184

Table legend: (Time is in decaauts)
 A = Elapsed time spent in this place.
 B = Non-inter-level travel time spent in this place.
 C = Inter-level travel time spent in this place.
 D = Time resting spent in this place.
 E = Time spent auto-exploring this place.
 F = Levels seen in this place.
 G = Mean time per level.
                   A        B        C        D        E       F      G
               +--------+--------+--------+--------+--------+-----+--------+
         Total |   5391 |   5251 |    140 |   1151 |   3218 |   7 |  770.1 |
       Dungeon |   5391 |   5251 |    140 |   1151 |   3218 |   7 |  770.1 |
               +--------+--------+--------+--------+--------+-----+--------+

Top non-repeatable levels by time:
     D:5: 1115 daAuts
     D:1: 1113 daAuts
     D:6: 956 daAuts
     D:4: 748 daAuts
     D:2: 741 daAuts
     D:3: 687 daAuts
     D:7: 27 daAuts
